 Dungeon Crawl Stone Soup version 0.27.1-3-gb3d3a73c9e (webtiles) character file.

Game seed: 4515551552489792117

5030 CuBeRJAN3 the Fighter (level 10, -10/79 HPs)
             Began as a Djinni Fire Elementalist on Oct 22, 2021.
             Was a Believer of Nemelex Xobeh.
             Shot with an arrow by a centaur warrior (14 damage)
             ... on level 9 of the Dungeon.
             The game lasted 00:29:44 (11192 turns).

CuBeRJAN3 the Fighter (Djinni Fire Elementalist)   Turns: 11192, Time: 00:29:44

Health: -10/79     AC:  3    Str:  7    XL:     10   Next: 85%
Gold:   461        EV:  7    Int: 20    God:    Nemelex Xobeh [**....] SH:  0 Dex: 20

rFire    + + +     SeeInvis .   (no weapon)
rCold    x x .     Faith    .   (no shield)
rNeg     . . .     Spirit   .   a - +1 robe
rPois    ∞         Reflect  .   (no helmet)
rElec    .         Harm     .   w - scarf {+Inv}
rCorr    .         Rampage  .   (no gloves)
Will     +....                  (boots unavailable)
Stlth    ++++......             t - amulet of regeneration
HPRegen  1.23/turn              n - +6 ring of dexterity
MPRegen  0.00/turn              r - ring of fire

@: about to teleport, petrifying, flying, studying Polearms, very slow
A: sickness immunity, fire resistance 2, cold vulnerability 1, float, innate
caster, hp casting, extra vitality 1
a: Renounce Religion, Evoke Invisibility, Draw Escape, Draw Destruction, Draw
Summoning


You were on level 9 of the Dungeon.
You worshipped Nemelex Xobeh.
Nemelex Xobeh was pleased with you.
You visited 1 branch of the dungeon, and saw 9 of its levels.

You collected 461 gold pieces.

Inventory:

Armour
 a - a +1 robe (worn)
 i - a +0 cloak
 w - a scarf of invisibility (worn)
Jewellery
 n - a +6 ring of dexterity (left hand)
 r - a ring of fire (right hand)
 t - an amulet of regeneration (around neck)
Wands
 j - a wand of iceblast (8)
Scrolls
 b - a scroll of fog {unknown}
 e - 3 scrolls of teleportation
 f - a scroll of noise
 g - a scroll of vulnerability {unknown}
 k - a scroll of immolation
 l - a scroll of acquirement {unknown}
 m - a scroll of enchant weapon {unknown}
 p - 2 scrolls of blinking
 x - a scroll of silence {unknown}
Potions
 c - a potion of mutation {unknown}
 d - 3 potions of curing
 h - 2 potions of degeneration {unknown}
 o - a potion of attraction {unknown}
 q - a potion of lignification {unknown}
 s - 2 potions of magic {unknown}
 u - 2 potions of flight {unknown}
 v - 2 potions of might {unknown}


   Skills:
 * Level 9.6 Fighting
 - Level 2.1 Dodging
 + Level 6.3 Stealth
 * Level 7.9 Spellcasting


You couldn't memorise any spells.
You knew the following spells:

 Your Spells              Type           Power      Damage    Failure   Level
a - Foxfire               Conj/Fire      100%       2x1d9     1%          1
b - Conjure Flame         Conj/Fire      56%        6-21      1%          3
c - Inner Flame           Hex/Fire       56%        N/A       1%          3
d - Sticky Flame          Conj/Fire      56%        2d7       3%          4
e - Fireball              Conj/Fire      28%        3d12      9%          5
f - Beastly Appendage     Tmut           78%        N/A       1%          1
g - Ensorcelled Hibernat  Hex/Ice        78%        N/A       1%          2
h - Portal Projectile     Hex/Tloc       78%        N/A       1%          3
i - Confusing Touch       Hex            39%        N/A       1%          3
Your spell library was empty.

Dungeon Overview and Level Annotations

Branches:
Dungeon (9/15)             Temple (0/1) D:6
   Lair: D:8-11         Orc: D:9-12

Altars:
Ashenzari
Elyvilon
Makhleb
Nemelex Xobeh
Ru
Sif Muna
Zin

Annotations:
D:4 exclusions: cacodemon and 1 more exclusion
D:6 1 exclusion


Innate Abilities, Weirdness & Mutations

You are immune to sickness and miasma.
You are immune to poison.
Your flesh is very heat resistant. (rF++)
You are vulnerable to cold. (rC-)
You float through the air rather than walking.
You learn spells naturally, not from books.
Your magical power is your life essence.
You have superior vitality. (+4 HP)


Message History

HP restored.
There is an open door here.
Found a pair of boots.
You reach down and open the door.
There is an open door here.
Found a stone staircase leading down.
A basilisk and a kobold brigand come into view.
The kobold brigand is wielding a +0 dagger and quivering poisoned darts.
The basilisk moves out of view.
Casting: Foxfire (safe; 1% risk of failure)
Press: ? - help, Q - select action, (/) - cycle Dir - look around, f - activate You feel a surge of power!
You conjure some foxfire!
The kobold brigand shouts!
You hear an angry hiss.
A centaur warrior comes into view.
It is wearing the ring of Nuarphoib {rF+ rN+}.
A skeletal warrior comes into view. It is wielding a +0 halberd.
The foxfire hits the centaur warrior but does no damage.
The foxfire hits the centaur warrior.
The centaur warrior resists.
The centaur warrior is lightly wounded.
The centaur warrior wields a +0 shortbow.
The centaur warrior shoots an arrow.
The arrow hits you!!
You hear a shout!
You hear a shout!
The centaur warrior shoots an arrow.
The arrow closely misses you.
The centaur warrior shoots an arrow.
The arrow barely misses you.
The centaur warrior shoots an arrow.
The arrow hits you!!
The centaur warrior shoots an arrow.
The arrow hits you!
You hear a horrible gurgling sound!
The centaur warrior shoots an arrow.
The arrow hits you!!
* * * LOW HITPOINT WARNING * * *
The centaur warrior shoots an arrow.
The arrow misses you.
The centaur warrior shoots an arrow.
The arrow hits you!
* * * LOW HITPOINT WARNING * * *
The basilisk gazes at you.
You are slowing down.
As you read the scroll of teleportation, it crumbles to dust.
You feel strangely unstable.
The centaur warrior shoots an arrow.
The arrow hits you!!
You die...
Your body disappears without a glow.

####.#
#....#
#.##.####
#........
..
#...#####
#.#
#..#.....
..
#..#.####
#.# #..##.
#..## #..@#
# #.#.
#...## #...
##...# #
##.. #...##
.# #..
##l..# #.
.## ##.
#...##.
...z #.
##.cz#.l.K.
## #...#..#
# ##...# #


You could see a skeletal warrior, a centaur warrior and a basilisk.

Vanquished Creatures
  Pikel (D:5)
  A tengu conjurer (D:9)
  2 hornets
  Prince Ribbit (D:6)
  2 wyverns (D:9)
  A yak (D:9)
  Eustachio (D:6)
  A steam dragon (D:7)
  3 water moccasins
  2 ice beasts
  4 sky beasts
  2 orc warriors (D:8)
  A necrophage (D:7)
  An ogre (D:6)
  3 centaurs
  3 lemures (D:5)
  A kobold brigand (D:5)
  3 bullfrogs
  A water moccasin skeleton (D:5)
  A wight (D:8)
  10 killer bees
  A centaur zombie (D:9)
  2 hounds
  An orc priest (D:4)
  2 bullfrog skeletons
  2 centaur skeletons
  A gnoll shaman (D:5)
  3 iguanas
  7 orc wizards
  A mummy (D:5)
  A howler monkey zombie (D:5)
  6 adders
  7 gnolls
  A river rat (D:5)
  A white imp (D:6)
  An adder skeleton (D:4)
  4 worms
  5 dart slugs
  12 orcs
  3 bats
  2 endoplasms
  2 giant cockroaches
  8 hobgoblins
  13 kobolds
  2 quokkas (D:1)
  10 ball pythons
  3 frilled lizards
  14 goblins
  A goblin zombie (D:5)
  An orc zombie (D:5)
  8 rats
170 creatures vanquished.

Vanquished Creatures (collateral kills)
  3 foxfires
3 creatures vanquished.

Vanquished Creatures (others)
  688 foxfires
  A plant (D:3)
689 creatures vanquished.

Grand Total: 862 creatures vanquished

Notes
Turn   | Place    | Note
-------+----------+-------------------------------------------
     0 | D:1      | CuBeRJAN3 the Djinni Fire Elementalist began the quest for
                  | the Orb.
     0 | D:1      | Reached XP level 1. HP: 15/15 MP: 0/0
   340 | D:1      | Reached XP level 2. HP: 20/22 MP: 0/0
   361 | D:1      | Reached skill level 1 in Fighting
   918 | D:1      | Reached XP level 3. HP: 24/27 MP: 0/0
   918 | D:1      | Learned a level 1 spell: Beastly Appendage
  2396 | D:3      | Found a glowing silver altar of Zin.
  2398 | D:3      | Found a broken altar of Ashenzari.
  2398 | D:3      | Found a white marble altar of Elyvilon.
  2693 | D:3      | Reached skill level 2 in Fighting
  2693 | D:3      | Reached XP level 4. HP: 29/33 MP: 0/0
  2947 | D:3      | Noticed a water moccasin
  2954 | D:3      | Killed a water moccasin
  2955 | D:3      | Reached skill level 3 in Fighting
  2955 | D:3      | Reached XP level 5. HP: 35/40 MP: 0/0
  2955 | D:3      | Learned a level 2 spell: Ensorcelled Hibernation
  3087 | D:3      | Reached XP level 6. HP: 42/46 MP: 0/0
  3200 | D:3      | Found a faded altar of an unknown god.
  4439 | D:4      | Reached skill level 4 in Fighting
  4439 | D:4      | Reached XP level 7. HP: 38/52 MP: 0/0
  4439 | D:4      | Learned a level 3 spell: Portal Projectile
  4979 | D:4      | Found a burning altar of Makhleb.
  4979 | D:4      | Noticed a cacodemon
  4988 | D:4      | Noticed a hellwing
  4988 | D:4      | Noticed a ynoxinul
  5488 | D:5      | Entered Level 5 of the Dungeon
  5963 | D:5      | Reached skill level 5 in Fighting
  5963 | D:5      | Reached XP level 8. HP: 42/59 MP: 0/0
  6396 | D:5      | Reached skill level 5 in Spellcasting
  6984 | D:6      | Noticed Eustachio
  6987 | D:6      | Noticed Prince Ribbit
  7099 | D:6      | Found a staircase to the Ecumenical Temple.
  7102 | D:6      | Noticed Pikel
  7214 | D:6      | Killed Prince Ribbit
  7215 | D:6      | Reached skill level 6 in Fighting
  7238 | D:6      | Killed Eustachio
  7239 | D:6      | Reached XP level 9. HP: 15/67 MP: 0/0
  7239 | D:6      | Learned a level 3 spell: Confusing Touch
  7875 | D:5      | Killed Pikel
  7876 | D:5      | Reached skill level 7 in Fighting
  8133 | D:6      | Found a sacrificial altar of Ru.
  8352 | D:6      | Reached skill level 5 in Stealth
  8704 | D:7      | Found a sparkling altar of Nemelex Xobeh.
  8786 | D:7      | Became a worshipper of Nemelex Xobeh the Trickster
  8903 | D:7      | Noticed a hornet
  8960 | D:7      | Reached skill level 8 in Fighting
  8998 | D:7      | Reached XP level 10. HP: 61/76 MP: 0/0
  9495 | D:8      | Reached * piety under Nemelex Xobeh
  9983 | D:8      | Reached skill level 9 in Fighting
 10359 | D:8      | HP: 3/78 [killer bee (5)]
 10580 | D:8      | Received a gift from Nemelex Xobeh
 10800 | D:9      | Noticed a cyclops
 11005 | D:9      | Reached ** piety under Nemelex Xobeh
 11061 | D:9      | Identified the ring of the Prince {rN+ Str+6 Dex+3 Slay+2}
 11183 | D:9      | Identified the ring of Nuarphoib {rF+ rN+}
 11183 | D:9      | Noticed a centaur warrior
 11183 | D:9      | Noticed a skeletal warrior
 11191 | D:9      | HP: 2/79 [centaur warrior/arrow (10)]
 11192 | D:9      | Shot with an arrow by a centaur warrior

Illustrated notes

Levels and vault maps discovered:
D:1:      dpeg_arrival_castle, layout_basic, serial_bayou_ford_a
D:2:      layout_basic
D:3:      kennysheep_the_goblin_king, layout_loops_corners,
          gammafunk_temple_overflow_forgotten,
          hellmonk_ecumenical_altar_blasted, hangedman_decor_riveting
D:4:      layout_loops_corners, makhleb_altar_promises_db
D:5:      layout_loops_ring, cheibrodos_sewer_entry_sluice,
          nicolae_ossuary_entry_giza, kennysheep_decorative_pillar
D:6:      layout_cave_pools, lemuel_doored_altar, minmay_temple_entry_waves,
          st_stairs_12, uniq_eustachio, uniq_pikel, uniq_prince_ribbit1
D:7:      layout_loops_ring, jmf_multi_god_temple
D:8:      layout_gridville, dk_vineyard_2, minmay_manual_maat
D:9:      minmay_the_grid_triangle_9x9_rhombus_thin_mashed
          [minmay_the_grid_triangle_9x9_checkered,
          minmay_the_grid_triangle_9x9_prize_center,
          minmay_the_grid_triangle_9x9_impossible_snake,
          minmay_the_grid_triangle_9x9_pentomino_pain], layout_basic,
          orc_0_dummy, item_on_display_a

Skill      XL: |  1  2  3  4  5  6  7  8  9 10 |
---------------+-------------------------------+-----
Fighting       | 1 2 3 4 5 6 8 9 |  9.6
Stealth        | 2 3 4 5 6 |  6.3
Spellcasting   | 3 4 5 6 7 |  7.9
Dodging        | |  2.1

Action                   |  1- 3 |  4- 6 |  7- 9 | 10-12 || total
-------------------------+-------+-------+-------+-------++-------
Melee: Unarmed           |       |       |       |     2 ||     2
 Cast: Foxfire           |    73 |    97 |   199 |    45 ||   414
       Sticky Flame      |       |       |    18 |    19 ||    37
       Ensorcelled Hiber |       |       |     1 |       ||     1
       Inner Flame       |       |       |     3 |       ||     3
       Fireball          |       |       |     2 |    13 ||    15
       Conjure Flame     |       |       |     1 |       ||     1
       Confusing Touch   |       |       |       |     1 ||     1
  Use: Scroll            |       |     3 |     3 |     3 ||     9
       Potion            |       |       |     1 |     2 ||     3
Armor: Robe              |     4 |    12 |    19 |    13 ||    48
Dodge: Dodged            |    10 |    13 |    56 |    51 ||   130
